 Dungeon Crawl Stone Soup version 0.31-a0-988-g08d55dae12 (webtiles) character file.

Game seed: 4282641492589134643

45 BinkBink the Shooter (level 3, -2/19 HPs)
             Began as a Spriggan Hunter on Nov 5, 2023.
             Slain by an adder (4 damage)
             ... on level 1 of the Dungeon.
             The game lasted 00:01:36 (905 turns).

BinkBink the Shooter (Spriggan Hunter)               Turns: 905, Time: 00:01:37

Health: -2/19      AC:  2    Str:  7    XL:     3   Next: 42%
Magic:  4/4        EV: 18    Int: 10    God:
Gold:   72         SH:  0    Dex: 20    Spells: 2/2 levels left

rFire   . . .        a - +0 shortbow
rCold   . . .        (shield currently unavailable)
rNeg    . . .        c - +0 robe
rPois   .            (helmet restricted)
rElec   .            (no cloak)
rCorr   +            (gloves unavailable)
SInv    +            (boots unavailable)
Will    .....        (no amulet)
Stlth   ++           e - ring of resist corrosion
HPRegen 0.23/turn    (no ring)
MPRegen 0.09/turn

%: no passive effects
@: brilliant, lethally poisoned (-2 -> -5), very quick
A: very small, no large weapons, unfitting armour, see invisible, speed 3
a: no special abilities


You were on level 1 of the Dungeon.
You visited 1 branch of the dungeon, and saw 2 of its levels.

You collected 72 gold pieces.

Inventory:

Hand Weapons
 a - a +0 shortbow (weapon)
Armour
 c - a +0 robe (worn)
Jewellery
 e - a ring of resist corrosion (left hand)
Scrolls
 b - a scroll of butterflies
 d - a scroll of fear {unknown}
 g - a scroll of vulnerability {unknown}
 h - 2 scrolls of blinking {unknown}
Potions
 f - a potion of brilliance
 i - a potion of attraction {unknown}


   Skills:
 + Level 2.5 Fighting
 + Level 4.6 Ranged Weapons
 - Level 2.6 Dodging
 - Level 1.5 Stealth


You had 2 spell levels left.
You didn't know any spells.
Your spell library was empty.

Dungeon Overview and Level Annotations

Branches:
Dungeon (2/15)

Altars:


Innate Abilities, Weirdness & Mutations

You are very small and have problems with some larger weapons.
You are too small for most types of armour.
You have supernaturally acute eyesight. (SInv)
You cover ground extremely quickly. (Speed+++)


Message History

You shoot an arrow. The arrow hits the adder.
The adder is lightly wounded.
The hobgoblin completely misses you. The adder bites you.
The hobgoblin hits you but does no damage.
You shoot an arrow. The arrow closely misses the adder.
The adder bites you. x2
You are poisoned.
The adder poisons you! The adder misses you. The adder barely misses you.
A rat comes into view.
The hobgoblin completely misses you.
You shoot an arrow. The arrow hits the adder.
The adder is moderately wounded.
You feel sick. The adder closely misses you. The adder completely misses you.
The hobgoblin completely misses you. The adder closely misses you.
You shoot an arrow. The arrow hits the adder.
The adder is heavily wounded.
You feel sick. The adder misses you. The hobgoblin barely misses you.
The adder bites you. The adder barely misses you.
You feel sick. The adder completely misses you.
The hobgoblin hits you but does no damage.
The adder bites you but does no damage.
You climb upwards.
You feel sick.
There is a stone staircase leading down here.
You shoot an arrow. The arrow barely misses the adder.
You feel sick. The adder completely misses you.
The adder bites you but does no damage. The hobgoblin misses you.
The adder completely misses you. The adder barely misses you.
You shoot an arrow. The arrow hits the adder.
The adder is almost dead.
You feel sick.
You are no longer poisoned.
The adder barely misses you. The hobgoblin closely misses you.
The adder bites you.
* * * LOW HITPOINT WARNING * * *
You are lethally poisoned!
The adder poisons you!
It was a potion of brilliance.
You feel clever all of a sudden.
* * * LOW HITPOINT WARNING * * *
You feel sick. The adder bites you.
You die...

## #..## #.##.......#...# #
#..# #............... #..#
####.......#...# #.)#
####.#.###... #..#
###.#.#####. #..#
#.....)####. #..###########
#.#.....##..
#..........Sg#####....)...#..
##.#########@S...............
#...# #######.......##..
###.# #..#........ ###.####
#..##..###.. #......#
#......# #.. ######.#.#..####
#.##..## #.# ...........#...#
#.##..# #..
######.#.#..##.#######.##..#
### ##...#.##.#.......##..#


You could see 2 adders and a hobgoblin.

Vanquished Creatures
  A dart slug (D:1)
  3 endoplasms
  A giant cockroach (D:1)
  4 goblins (D:1)
  4 hobgoblins (D:1)
  9 jackals (D:1)
  A quokka (D:1)
  3 ball pythons
  3 bats
  2 frilled lizards
  3 kobolds (D:1)
  3 rats
37 creatures vanquished.

Notes
Turn   | Place    | Note
-------+----------+-------------------------------------------
     0 | D:1      | BinkBink the Spriggan Hunter began the quest for the Orb.
     0 | D:1      | Reached XP level 1. HP: 10/10 MP: 2/2
    77 | D:1      | Reached XP level 2. HP: 15/15 MP: 3/3
   322 | D:1      | Reached XP level 3. HP: 18/18 MP: 4/4
   905 | D:1      | Slain by an adder

Illustrated notes

Levels and vault maps discovered:
D:1:      saegor_arrival_simple_a, layout_loops_ring
D:2:      layout_basic

Skill      XL: |  1  2 |
---------------+-------+-----
Fighting       | 2 |  2.5
Ranged Weapons | |  4.6
Dodging        | |  2.6
Stealth        | |  1.5

Action                     || total
---------------------------++-------
   Fire: Shortbow          ||    99
    Use: Scroll            ||     1
         Potion            ||     1
 Armour: Robe              ||    22
  Dodge: Dodged            ||    53

Table legend: (Time is in decaauts)
 A = Elapsed time spent in this place.
 B = Non-inter-level travel time spent in this place.
 C = Inter-level travel time spent in this place.
 D = Time resting spent in this place.
 E = Time spent auto-exploring this place.
 F = Levels seen in this place.
 G = Mean time per level.
                   A        B        C        D        E       F      G
               +--------+--------+--------+--------+--------+-----+--------+
         Total |    633 |    597 |     36 |     22 |    380 |   2 |  316.5 |
       Dungeon |    633 |    597 |     36 |     22 |    380 |   2 |  316.5 |
               +--------+--------+--------+--------+--------+-----+--------+

Top non-repeatable levels by time:
     D:1: 539 daAuts
     D:2: 93 daAuts
